 Dungeon Crawl Stone Soup version 0.17.1-3-g152610e (webtiles) character file.

51 MrTails the Chopper (level 3, 0/43 HPs)
             Began as a Demonspawn Berserker on Feb 24, 2016.
             Was a Believer of Trog.
             Succumbed to an adder's poison
             ... on level 2 of the Dungeon.
             The game lasted 00:02:18 (1439 turns).

MrTails the Chopper (Demonspawn Berserker)          Turns: 1439, Time: 00:02:18

Health: 0/43       AC:  2    Str: 23    XL:     3   Next: 58%
Magic:  3/3        EV: 15    Int:  8    God:    Trog [**....]
Gold:   32         SH:  0    Dex: 12    Spells: 0 memorised, 2 levels left

rFire  . . .     SeeInvis .     a - +0 hand axe
rCold  . . .     Clarity  .     b - +0 animal skin
rNeg   . . .     SustAt   .     (no shield)
rPois  .         Gourm    .     (no helmet)
rElec  .         Spirit   .     (no cloak)
rCorr  .         Warding  .     (no gloves)
rMut   .         Stasis   .     (no boots)
MR     .....                    (no amulet)
Stlth  ..........               (no ring)
                                (no ring)

@: berserking, lethally poisoned (0 -> -5), very quick, not resistant to hostile
enchantments, extremely unstealthy
A: repulsion field 2
a: Berserk, Trog's Hand, Burn Spellbooks, Renounce Religion


You were on level 2 of the Dungeon.
You worshipped Trog.
Trog was pleased with you.
You were not hungry.

You visited 1 branch of the dungeon, and saw 2 of its levels.

You collected 32 gold pieces.

Inventory:

Hand Weapons
 a - a +0 hand axe (weapon)
Armour
 b - a +0 animal skin (worn)
Jewellery
 e - a +2 ring of protection {unknown}
Scrolls
 d - a scroll of identify {unknown}
Comestibles
 c - a bread ration
 f - a meat ration
 g - a royal jelly
 h - a slice of pizza


   Skills:
 + Level 3.5 Fighting
 * Level 3.5 Axes
 + Level 2.2 Armour
 - Level 1.7 Dodging


You had 2 spell levels left.
You didn't know any spells.

Dungeon Overview and Level Annotations

Branches:
Dungeon (2/15)

Altars:


Innate Abilities, Weirdness & Mutations

You are surrounded by a moderate repulsion field (EV +3).


Message History

You are too injured to fight recklessly!
You are too injured to fight recklessly!
You are too injured to fight recklessly!
You are too injured to fight recklessly!
You are too injured to fight recklessly!
You are too injured to fight recklessly!
You are too injured to fight recklessly!
You are too injured to fight recklessly!
You are too injured to fight recklessly!
A red film seems to cover your vision as you go berserk!
You feel yourself moving faster!
You feel mighty!
You feel somewhat more hungry. The adder bites you.
* * * LOW HITPOINT WARNING * * *
The adder bites you.
* * * LOW HITPOINT WARNING * * *
You are lethally poisoned!
The adder poisons you!
You miss the adder. You hit the worm.
The worm is heavily wounded.
You die...

............
.................
#.###..####.#
##.####.#........ #.# #
.......#####.##
#.#........ .....
............###..........
.#..
.........).............#
.....
...........#####....####
.#.... ...........#
#......## # .....
......S....# ####...## #
.......@...# ##..## #
#......w...# #...# ..
..........## #.#.# #...
#..........# #...# ..###
#..........# ##... ###
#..........# ##.. >
#..........# #.. .
#..........# #.. . ###


You could see a worm and an adder.

Vanquished Creatures
  A gnoll (D:1)
  An adder (D:2)
  A worm (D:2)
  3 bats
  2 giant cockroaches (D:1)
  2 hobgoblins
  3 jackals (D:1)
  3 giant newts
  4 goblins
  3 kobolds (D:2)
  12 rats
35 creatures vanquished.

Notes
Turn   | Place    | Note
--------------------------------------------------------------
     0 | D:1      | MrTails the Demonspawn Berserker began the quest for the Orb.
     0 | D:1      | Reached XP level 1. HP: 18/18 MP: 1/1
   267 | D:1      | Gained mutation: You are surrounded by a mild repulsion field (EV +2). [demonic ancestry]
   267 | D:1      | Reached XP level 2. HP: 8/24 MP: 2/2
   798 | D:1      | You fall through a shaft!
   801 | D:2      | Gained mutation: You are surrounded by a moderate repulsion field (EV +3). [demonic ancestry]
   801 | D:2      | Reached XP level 3. HP: 25/29 MP: 3/3
   826 | D:2      | Reached ** piety under Trog
  1100 | D:2      | Found a faded altar to an unknown god.
  1438 | D:2      | HP: 1/43 [adder (3)]
  1439 | D:2      | Succumbed to an adder's poison

Action                   || total
-------------------------++-------
Melee: Hand axe          ||   128
Invok: Berserk           ||     2
 Stab: Sleeping          ||     1
  Eat: Chunk             ||     3
